 Dungeon Crawl Stone Soup version 0.29.1-2-gbd0b4ee654 (webtiles) character file.

Game seed: 4963640658775906715

406231 fleeber the Slayer (level 22, -2/226 HPs)
             Began as a Minotaur Berserker on Nov 12, 2022.
             Was a High Priest of Trog.
             Killed by the air
             ... invoked by a spriggan air mage
              (32 damage)
             ... on level 2 of the Depths on Nov 18, 2022.
             The game lasted 05:38:47 (57926 turns).

fleeber the Slayer (Minotaur Berserker)            Turns: 57926, Time: 05:38:48

Health: -2/226     AC: 38    Str: 36    XL:     22   Next: 37%
Magic:  21/21      EV: 15    Int: 10    God:    Trog [*****.]
Gold:   2476       SH: 18    Dex: 11    Spells: 21/21 levels left

rFire   . . .      SeeInvis +   m - +5 broad axe "Sonwul" {vorpal, Drain rElec rCorr}
rCold   + . .      Faith    +   T - +4 kite shield {rN+}
rNeg    + + .      Spirit   .   z - +9 plate armour of Pride {Fly Str+4}
rPois   +          Reflect  .   (helmet restricted)
rElec   +          Harm     .   D - +2 cloak
rCorr   +          Rampage  .   O - +1 pair of gloves "Ribojaoh" {rPois Will+ Int+6}
Will    +++..                   u - +2 pair of boots
Stlth   ..........              g - amulet of Teimm {Faith +Inv rC+ rN+}
HPRegen 0.47/turn               b - ring of see invisible
MPRegen 0.17/turn               j - ring of willpower

@: flying, studying Maces & Flails
A: horns 2, retaliatory headbutt, MP-powered wands
}: 2/15 runes: serpentine, barnacled
a: Renounce Religion, Evoke Invisibility, Berserk, Trog's Hand, Brothers in Arms


You were on level 2 of the Depths.
You worshipped Trog.
Trog was extremely pleased with you.
You visited 9 branches of the dungeon, and saw 41 of its levels.
You visited the Abyss 1 time.
You also visited: Ossuary.

You collected 4219 gold pieces.
You spent 1743 gold pieces at shops.

Inventory:

Hand Weapons
 m - the +5 broad axe "Sonwul" (weapon) {vorpal, Drain rElec rCorr}
   (Trog gifted it to you on level 2 of the Lair of Beasts)

   It inflicts extra damage upon your enemies.
   rElec:     It insulates you from electricity.
   rCorr:     It protects you from acid and corrosion.
   Drain:     It drains your maximum health when unequipped.
Missiles
 w - 209 stones (quivered)
 I - 5 throwing nets
Armour
 u - a +2 pair of boots (worn)
 z - the +9 plate armour of Pride (worn) {Fly Str+4}
   (You bought it in a shop on level 2 of the Orcish Mines)

   Str:       It affects your strength (+4).
   Fly:       It grants you flight.
 D - a +2 cloak (worn)
 O - the +1 pair of gloves "Ribojaoh" (worn) {rPois Will+ Int+6}
   (You found it on level 4 of the Dungeon)

   Int:       It affects your intelligence (+6).
   rPois:     It protects you from poison.
   Will:      It increases your willpower.
 T - a +4 kite shield of positive energy (worn)
Jewellery
 b - a ring of see invisible (left hand)
 g - the amulet of Teimm (around neck) {Faith +Inv rC+ rN+}
   (You found it on level 4 of the Vaults)

   [amulet of faith]

   It allows you to gain divine favour quickly.
   rC:        It protects you from cold.
   rN:        It protects you from negative energy.
   +Inv:      It lets you turn invisible.
 j - a ring of willpower (right hand)
Wands
 c - a wand of light (12)
 C - a wand of polymorph (16)
 J - a wand of mindburst (9)
 R - a wand of paralysis (6)
 V - a wand of digging (5)
 Y - a wand of iceblast (15)
 Z - a wand of flame (36)
Scrolls
 f - 17 scrolls of teleportation
 h - a scroll of enchant armour
 i - 4 scrolls of silence
 l - 4 scrolls of torment
 p - 8 scrolls of immolation
 t - 8 scrolls of fog
 v - 7 scrolls of amnesia
 x - 6 scrolls of enchant weapon
 y - 8 scrolls of vulnerability
 B - 4 scrolls of blinking
 G - 18 scrolls of identify
 H - 2 scrolls of summoning
 N - 8 scrolls of noise
 Q - 3 scrolls of magic mapping
 U - 7 scrolls of brand weapon
 W - a scroll of acquirement
Potions
 a - 6 potions of mutation
 d - 7 potions of brilliance
 e - 3 potions of invisibility
 k - a potion of berserk rage
 n - 7 potions of haste
 o - 3 potions of heal wounds
 r - 17 potions of curing
 s - 4 potions of lignification
 A - 5 potions of cancellation
 E - 4 potions of flight
 F - 5 potions of resistance
 K - 5 potions of might
 L - 4 potions of ambrosia
 M - 9 potions of attraction
Miscellaneous
 q - a phantom mirror
 P - a box of beasts
 S - a tin of tremorstones (2/2)
 X - a lightning rod (4/4)


   Skills:
 * Level 25.5 Fighting
 - Level 18.0 Axes
 + Level 20.0 Armour
 + Level 18.6 Dodging
 + Level 18.6 Shields
 + Level 15.3 Evocations


You had 21 spell levels left.
You didn't know any spells.
Your spell library was empty.

Dungeon Overview and Level Annotations

Branches:
Dungeon (15/15)            Temple (0/1) D:6            Lair (5/5) D:9
 Shoals (4/4) Lair:2        Snake (4/4) Lair:3        Slime (0/5) Lair:4
    Orc (2/2) D:12            Elf (2/3) Orc:2        Vaults (4/5) D:13
  Crypt (3/3) Vaults:3       Tomb (0/3) Crypt:3      Depths (2/4) D:15
Ossuary (visited)

Altars:
Fedhas
Kikubaaqudgha
Ru
Trog
Vehumet
Xom
Yredelemnul

Shops:
D:8 (   D:12 *   D:13 [   Orc:2 *[=?   Elf:2 :**   Shoals:1 =*:   Shoals:3 ?
Snake:1 *   Snake:2 (   Vaults:1 [   Vaults:3 ?[

Portals:
Hell: Depths:1
Ziggurat: Depths:1
Trove: Vaults:3 (give +2 gold dragon scales)

Annotations:
D:10 1 runed translucent door, 0gre's ghost, journeyman GnIE
D:15 Roxanne
Lair:4 exclusion: downstairs
Snake:4 exclusion: 5 doors
Vaults:4 2 transporters, exclusion: orange crystal statue
Crypt:3 Khufu


Innate Abilities, Weirdness & Mutations

You have a pair of horns on your head.
You reflexively headbutt those who attack you in melee.
You expend magic power (3 MP) to strengthen your wands.


Message History

The fire dragon dies!
Trog accepts your kill.
A spriggan air mage comes into view.
A tengu reaver simulacrum comes into view.
You block the spriggan air mage's attack.
Items here: ) ? [ ††.
You slash the spriggan air mage!
Your headbutt misses the spriggan air mage.
The spriggan air mage is moderately wounded.
Your ogre completely misses the spriggan air mage.
You miss the spriggan air mage.
The spriggan air mage is moderately wounded.
Your ogre hits the spriggan air mage with a +0 giant spiked club!!
A necromancer comes into view. It is wielding a +5 dagger of venom.
You block the spriggan air mage's attack.
Your ogre closely misses the spriggan air mage.
The necromancer mumbles some strange words.
The necromancer binds the souls of nearby monsters.
The spriggan air mage hits your ogre!
Your ogre dies!
Your ogre's corpse disappears in a puff of smoke!
The spriggan air mage attacks as you move away!
You block the spriggan air mage's attack.
The spriggan air mage casts a spell at you.
The bolt of lightning misses you.
The necromancer gestures wildly while chanting.
The necromancer binds the souls of nearby monsters.
Things that are here:
a +0 robe; a +0 long sword The spriggan air mage waves its arms in wide circles.
The air twists around and strikes you!!
* * * LOW HITPOINT WARNING * * *
Your ogre goes berserk!
The spriggan air mage waves its arms in wide circles.
The air twists around and strikes you!!
* * * LOW HITPOINT WARNING * * *
Your ogre closely misses the spriggan air mage.
The spriggan air mage waves its arms in wide circles.
The air twists around and strikes you!!
You die...

##..([))[##..#.............# #..
#.#.<)#[.#.................# #..
#.....#..#.................# ##'.
>###..#.##...#..........#.## #.##
.######......#.....Oi.i## ##..#
#.()..#####..###....#[.[## #....
#.#†......#.##.#...##..).####[...
###.###...###..##.##..i.(.##.)...
#...........#...@.##...8..##[.)).
#..........##.....###....))†##...
#.........##......####..p##).##..
..........#........#####Z#....#'#
.........##..###....# #........#
........##...# #...###.'#......##
#.......#...## #####....##....##
#..######...# ...... ##..## ####
#..## #.......'.##


You could see a spriggan air mage (soul bound, repels missiles, ally target) and
a friendly ogre (summoned, berserk).

Vanquished Creatures
  Mara (Vaults:3)
  Bai Suzhen (Crypt:2)
  Vashnia (Snake:4)
  Saint Roka (Snake:4)
  2 caustic shrikes (Depths:2)
  A golden dragon (Depths:1)
  3 tentacled monstrosities
  4 liches
  Jorgrun (D:15)
  The ghost of Zotwa the Pandemonic, an adept GnSk of Makhleb (Vaults:4)
  Zenata (Vaults:3)
  A walking divine tome (Depths:2)
  A walking frostbound tome (Depths:2)
  A quicksilver dragon (Depths:1)
  5 sphinxes
  A tentacled starspawn (Abyss:3)
  3 ancient champions
  Kirke (D:14)
  A shadow dragon (shapeshifter) (Depths:2)
  A tengu reaver (Vaults:2)
  Donald (Crypt:2)
  Ilsuiw (Shoals:2)
  6 nagarajas
  2 frost giants (Depths:2)
  A deep elf sorcerer (Elf:1)
  2 orc warlords
  2 fire giants
  Louise (Snake:1)
  4 vault wardens
  2 curse skulls (Vaults:3)
  2 war gargoyles
  10 ironbound preservers
  3 ghouls
  17 very ugly things
  An angel (Abyss:3)
  A spriggan defender (Depths:2)
  6 stone giants
  3 vampire knights
  9 ironbound thunderhulks
  Azrael (D:14)
  A spark wasp (Depths:1)
  5 dire elephants
  The ghost of zeram the Cleaver, a journeyman HOFi of Qazlal (Orc:1)
  3 crystal guardians
  7 ettins
  5 eidola
  2 deep elf death magi
  2 merfolk javelineers (Shoals:4)
  Josephine (Lair:4)
  2 merfolk impalers
  A quicksilver dragon zombie (Crypt:2)
  6 fire dragons
  9 jiangshi
  11 yaktaur captains
  A salamander tyrant (Snake:4)
  6 ice dragons
  5 great orbs of eyes
  2 rakshasas
  5 hydras
  5 spriggan air magi
  5 vault guards
  Erolcha (D:13)
  A catoblepas (Lair:3)
  4 boulder beetles
  An ogre mage (Vaults:4)
  6 death knights
  3 peacekeepers
  An alligator snapping turtle (Shoals:3)
  3 merfolk avatars
  9 centaur warriors
  8 ironbound frosthearts
  5 merfolk aquamancers
  8 anacondas
  17 dancing weapons
  4 deep troll shamans
  5 two-headed ogres
  10 naga warriors
  5 tengu warriors
  11 vampire magi
  4 deep troll earth magi
  A satyr (Shoals:4)
  Urug (D:11)
  4 shock serpents
  3 death yaks (D:9)
  5 spriggan berserkers
  14 hell knights
  4 orc high priests
  2 sun demons (D:14)
  10 naga sharpshooters
  5 thrashing horrors (Abyss:3)
  5 deep elf knights (Elf:2)
  3 soul eaters (Crypt:2)
  3 iron trolls
  An emperor scorpion zombie (Crypt:3)
  2 shadow wraiths
  A spriggan rider (Depths:2)
  30 skeletal warriors
  9 sea snakes
  4 salamander mystics (Snake:4)
  A ghost moth zombie (Crypt:3)
  An anaconda zombie (Crypt:2)
  6 flayed ghosts
  33 deep trolls
  3 bog bodies
  A bunyip skeleton (Crypt:2)
  4 naga ritualists
  A glowing orange brain (Depths:2)
  2 large abominations (Abyss:3)
  10 orc knights
  10 wizards
  14 ironbound convokers
  20 deep elf zephyrmancers
  5 deep elf archers
  An anaconda skeleton (Crypt:1)
  2 lindwurms (Vaults:2)
  15 deep elf pyromancers
  6 phantasmal warriors
  6 necromancers
  44 ugly things
  5 mana vipers
  14 harpies
  5 orc sorcerers
  4 oklob plants
  16 fauns
  A frost giant zombie (Crypt:2)
  A shadow dragon skeleton (Crypt:2)
  3 manticores
  11 salamanders
  A jorogumo skeleton (Crypt:2)
  8 merfolk sirens
  12 cyclopes
  46 black mambas
  10 water nymphs
  A frost giant skeleton (Crypt:1)
  6 elephants (Lair:5)
  7 vault sentinels
  4 guardian serpents
  Maurice (D:8)
  6 naga magi
  A kobold demonologist (D:12)
  20 cane toads
  An unseen horror (shapeshifter) (Elf:2)
  5 rime drakes
  4 unseen horrors
  5 freezing wraiths
  20 yaktaurs
  3 tengu conjurers
  A rime drake (shapeshifter) (D:13)
  17 komodo dragons
  An alligator snapping turtle skeleton (Crypt:1)
  6 trolls
  9 merfolk
  7 polar bears
  4 wind drakes
  An ettin zombie (Crypt:1)
  Prince Ribbit (D:5)
  4 hornets
  Grinder (D:5)
  2 harpy skeletons (Crypt:2)
  A tarantella (shapeshifter) (D:14)
  19 blink frogs
  23 slime creatures
  11 snapping turtles
  14 dream sheep
  A shadow (D:12)
  A centaur simulacrum (D:14)
  7 water elementals
  8 spriggans
  An air elemental (Elf:2)
  11 flying skulls
  4 wyverns
  2 ice dragon skeletons (Crypt:2)
  13 wraiths
  47 yaks
  The ghost of TheSexyCheese the Trooper, an amateur MiFi (D:4)
  A black mamba skeleton (Crypt:2)
  11 fire elementals
  2 basilisks
  11 vampire mosquitoes
  27 nagas
  10 wargs
  2 naga zombies (Crypt:2)
  2 acid dragons
  12 water moccasins
  A faun skeleton (Crypt:2)
  A fire bat skeleton (Crypt:3)
  3 hell hounds (D:14)
  A glowing shapeshifter skeleton (Crypt:2)
  3 sky beasts
  2 ice beasts
  41 orc warriors
  A floating eye zombie (Crypt:2)
  20 centaurs
  A torpor snail zombie (Crypt:3)
  A black bear (D:6)
  An ettin simulacrum (Crypt:2)
  8 ogres
  21 wolves
  2 phantoms
  2 small abominations (Abyss:3)
  4 kobold brigands
  2 elf zombies (Ossuary)
  16 scorpions
  9 bullfrogs
  A gnoll sergeant (D:12)
  2 necrophages
  16 wights
  5 killer bees
  A vampire bat (D:4)
  2 howler monkeys (D:9)
  2 centaur zombies (D:5)
  A bullfrog zombie (D:5)
  3 hounds
  2 centaur skeletons
  An iron imp (Abyss:3)
  39 orc priests
  4 jellies
  2 human zombies (Ossuary)
  A gnoll bouda (D:10)
  7 iguanas
  An iguana (shapeshifter) (Elf:1)
  A black bear skeleton (Crypt:3)
  24 orc wizards
  9 hell rats
  A deep dwarf zombie (Crypt:1)
  A naga skeleton (Crypt:2)
  An acid dragon skeleton (Crypt:1)
  A hound zombie (D:5)
  3 mummies
  A howler monkey zombie (D:5)
  13 gnolls
  5 adders
  A river rat (D:9)
  A shadow imp (D:8)
  3 ufetubi
  4 adder zombies (Ossuary)
  2 dart slugs
  7 fire bats
  127 orcs
  9 spectral bats
  18 bats
  3 bat skeletons (D:4)
  A bat zombie (D:4)
  6 endoplasms
  2 giant cockroaches (D:1)
  10 goblins
  12 hobgoblins
  8 jackals
  8 quokkas
  8 ball pythons
  7 bat simulacra
  4 frilled lizards
  9 hobgoblin zombies (Ossuary)
  3 jackal zombies (Ossuary)
  15 kobolds
  11 kobold zombies
  7 orc zombies (Ossuary)
  A quokka skeleton (Crypt:2)
  6 rats
  A river rat zombie (Crypt:1)
  2 bushes (Lair:5)
1693 creatures vanquished.

Vanquished Creatures (collateral kills)
  A juggernaut (Depths:1)
  A caustic shrike (Depths:1)
  A golden dragon (Depths:1)
  A storm dragon (shapeshifter) (Depths:2)
  2 orc warlords (Orc:2)
  A frost giant (Depths:1)
  A very ugly thing (Depths:1)
  A vampire knight (Depths:1)
  3 dire elephants (Vaults:1)
  A fire dragon (Depths:2)
  4 vault guards (D:13)
  A salamander tyrant (Snake:4)
  An ironbound frostheart (Vaults:1)
  A spriggan air mage (Depths:1)
  A two-headed ogre (Orc:2)
  A centaur warrior (Vaults:1)
  2 dancing weapons (Elf:2)
  A catoblepas (Lair:1)
  A deep troll earth mage (Depths:1)
  An orc high priest (Orc:2)
  2 deep elf knights (Elf:2)
  A skeletal warrior (Crypt:1)
  4 deep trolls
  A sea snake (Shoals:4)
  3 harpies (Shoals:4)
  An orc knight (Vaults:2)
  A deep elf zephyrmancer (Elf:2)
  4 fauns
  2 orc sorcerers (Orc:2)
  4 black mambas (Snake:4)
  2 merfolk sirens (Shoals:4)
  A vault sentinel (Vaults:2)
  Psyche (D:8)
  A troll (Orc:2)
  A merfolk (Shoals:4)
  A hornet (Abyss:3)
  A snapping turtle (Shoals:4)
  2 slime creatures (Vaults:2)
  2 dream sheep (Shoals:1)
  A spriggan (Lair:1)
  2 water elementals (Shoals:4)
  A fire bat (Abyss:3)
  A wraith (Crypt:1)
  A black mamba skeleton (Crypt:1)
  3 orc warriors
  An ogre (Orc:2)
  A bullfrog (D:8)
  3 scorpions (Abyss:3)
  A yaktaur skeleton (Crypt:1)
  3 orc priests
  9 orcs
  A bat (Abyss:3)
  A bat simulacrum (Abyss:3)
91 creatures vanquished.

Vanquished Creatures (others)
  A bush (D:9)
  53 fungi
  283 plants
  4 starspawn tentacles (Abyss:3)
341 creatures vanquished.

Grand Total: 2125 creatures vanquished

Notes
Turn   | Place    | Note
-------+----------+-------------------------------------------
     0 | D:1      | fleeber the Minotaur Berserker began the quest for the Orb.
     0 | D:1      | Reached XP level 1. HP: 19/19 MP: 0/0
   381 | D:1      | Reached XP level 2. HP: 25/27 MP: 1/1
   385 | D:1      | Reached skill level 4 in Fighting
   804 | D:1      | Reached XP level 3. HP: 20/33 MP: 2/2
   966 | D:1      | Found a faded altar of an unknown god.
  1024 | D:1      | Reached ** piety under Trog
  1313 | D:2      | You are sucked into a shaft and drop 2 floors!
  1744 | D:2      | Reached XP level 4. HP: 41/41 MP: 3/3
  2426 | D:3      | Reached skill level 5 in Fighting
  2508 | D:3      | Reached *** piety under Trog
  2680 | D:4      | Noticed a sky beast
  2693 | D:4      | Killed a sky beast
  2694 | D:4      | Reached XP level 5. HP: 50/50 MP: 4/4
  2756 | D:4      | Reached XP level 6. HP: 57/57 MP: 5/5
  2771 | D:4      | Reached skill level 6 in Fighting
  2796 | D:4      | Reached skill level 5 in Axes
  3100 | D:4      | Reached **** piety under Trog
  3298 | D:4      | Found a runed translucent gate.
  3299 | D:4      | Found a runed translucent gate.
  3299 | D:4      | Identified the +0 chain mail "Jenk" {Stlth+}
  3299 | D:4      | Noticed an orc warrior
  3299 | D:4      | Identified the +7 mace of Precise Incision {elec, Str+7}
  3299 | D:4      | Identified the +7 scale mail of Likhlit {Will+ Str+3}
  3299 | D:4      | Noticed TheSexyCheese's ghost (amateur MiFi)
  3300 | D:4      | Found a runed translucent gate.
  3439 | D:4      | Noticed a sky beast
  3483 | D:4      | Killed a sky beast
  3484 | D:4      | Reached XP level 7. HP: 58/64 MP: 6/6
  3674 | D:5      | Entered Level 5 of the Dungeon
  3674 | D:5      | Noticed Prince Ribbit
  3691 | D:5      | Killed Prince Ribbit
  3692 | D:5      | Reached skill level 7 in Fighting
  3692 | D:5      | Reached skill level 5 in Armour
  4110 | D:5      | Found a basalt altar of Yredelemnul.
  4124 | D:5      | Noticed Grinder
  4130 | D:5      | Reached skill level 5 in Dodging
  4149 | D:5      | Killed Grinder
  4150 | D:5      | Reached skill level 8 in Fighting
  4150 | D:5      | Reached XP level 8. HP: 74/74 MP: 7/7
  4663 | D:6      | Reached skill level 1 in Evocations
  4762 | D:6      | Reached skill level 9 in Fighting
  4996 | D:6      | Reached XP level 9. HP: 68/84 MP: 8/8
  5457 | D:6      | Found a staircase to the Ecumenical Temple.
  5568 | D:7      | Reached skill level 10 in Fighting
  6143 | D:8      | Noticed Psyche
  6151 | D:8      | Killed Psyche
  6157 | D:8      | Reached skill level 11 in Fighting
  6168 | D:8      | Found Junejuysma's Antique Weapon Shop.
  6193 | D:8      | Found a sand-covered staircase.
  6202 | Ossuary  | Entered an ossuary
  6317 | Ossuary  | Reached XP level 10. HP: 95/95 MP: 9/9
  6353 | Ossuary  | Reached ***** piety under Trog
  6685 | D:8      | Noticed Maurice
  6745 | D:8      | Killed Maurice
  6925 | D:8      | Identified the +6 spear of the Fray {drain, rF+ Int+3
                  | Dex+4}
  7137 | D:8      | Found a shimmering altar of Xom.
  7137 | D:8      | Found a blossoming altar of Fedhas.
  7349 | D:9      | Noticed a death yak
  7375 | D:9      | Noticed a death yak
  7377 | D:9      | Noticed a death yak
  7379 | D:9      | Killed a death yak
  7380 | D:9      | Reached skill level 1 in Shields
  7386 | D:9      | Killed a death yak
  7387 | D:9      | Reached skill level 12 in Fighting
  7391 | D:9      | Killed a death yak
  7492 | D:9      | Found a staircase to the Lair.
  7645 | D:9      | Reached XP level 11. HP: 98/103 MP: 10/10
  8574 | D:10     | Entered Level 10 of the Dungeon
  8829 | D:10     | Reached skill level 5 in Evocations
  8863 | D:10     | Found a runed translucent door.
  8863 | D:10     | Found a shimmering altar of Xom.
  8863 | D:10     | Noticed 0gre's ghost (journeyman GnIE)
  8863 | D:10     | Noticed a +1 hand axe of chaos
  9338 | D:10     | Found a sacrificial altar of Ru.
  9891 | D:11     | Noticed a two-headed ogre
  9903 | D:11     | Killed a two-headed ogre
  9904 | D:11     | Reached skill level 13 in Fighting
  9951 | D:11     | Noticed a two-headed ogre
  9962 | D:11     | Killed a two-headed ogre
 10042 | D:11     | Noticed Urug
 10266 | D:11     | Killed Urug
 10620 | D:11     | Noticed a boulder beetle
 10675 | D:11     | Killed a boulder beetle
 10925 | D:11     | Noticed a cyan ugly thing
 10979 | D:11     | Killed a cyan ugly thing
 10980 | D:11     | Reached skill level 10 in Axes
 11035 | D:11     | Noticed a boulder beetle
 11052 | D:11     | Killed a boulder beetle
 11053 | D:11     | Reached skill level 5 in Shields
 11129 | D:11     | Found the amulet of Vitality {RegenMP++ Regen++}
 11364 | Lair:1   | Entered Level 1 of the Lair of Beasts
 11364 | Lair:1   | Noticed Sonja
 11366 | Lair:1   | Noticed Sonja
 11366 | Lair:1   | Sonja changed into Sonja the water moccasin
 11375 | Lair:1   | Killed Sonja the water moccasin
 11489 | Lair:1   | Noticed an oklob plant
 11704 | Lair:1   | Reached XP level 12. HP: 106/116 MP: 11/11
 11786 | Lair:1   | Reached skill level 14 in Fighting
 11837 | Lair:1   | Reached skill level 10 in Armour
 11852 | Lair:1   | Noticed an eight-headed hydra
 11904 | Lair:1   | Killed a five-headed hydra
 12348 | Lair:1   | Noticed a catoblepas
 12367 | Lair:1   | Killed a catoblepas
 13017 | Lair:2   | Reached skill level 10 in Dodging
 13107 | Lair:2   | Noticed an eight-headed hydra
 13126 | Lair:2   | Killed a two-headed hydra
 13212 | Lair:2   | Reached skill level 15 in Fighting
 13276 | Lair:2   | Identified the ring "Toexahir" {Fire rElec Int+5 Dex-3}
 13354 | Lair:2   | Found a staircase to the Shoals.
 13372 | Lair:2   | Identified the +5 broad axe "Sonwul" {vorpal, Drain rElec
                  | rCorr} (Trog gifted it to you on level 2 of the Lair of
                  | Beasts)
 13372 | Lair:2   | Received a gift from Trog
 14121 | Lair:3   | Reached XP level 13. HP: 120/127 MP: 12/12
 14888 | Lair:3   | Found a staircase to the Snake Pit.
 15343 | Lair:4   | Found a staircase to the Slime Pits.
 15687 | Lair:4   | Identified the +3 chain mail of the Blue Skies {Harm rC+
                  | Regen+}
 15746 | Lair:4   | Noticed Josephine
 15766 | Lair:4   | Killed Josephine
 15767 | Lair:4   | Reached skill level 16 in Fighting
 16414 | Lair:5   | Entered Level 5 of the Lair of Beasts
 16949 | Lair:5   | Received a gift from Trog
 17113 | Lair:5   | Reached XP level 14. HP: 123/138 MP: 4/13
 18674 | D:4      | Killed TheSexyCheese's ghost
 18705 | D:4      | Identified the +1 pair of gloves "Ribojaoh" {rPois Will+
                  | Int+6}
 18930 | D:12     | Received a gift from Trog
 19174 | D:12     | Found Nunen's Assorted Antiques.
 19648 | D:12     | Found a staircase to the Orcish Mines.
 20071 | Orc:1    | Entered Level 1 of the Orcish Mines
 20081 | Orc:1    | Gained mutation: You expend magic power (3 MP) to
                  | strengthen your wands. [a neqoxec]
 20461 | Orc:1    | Found a bloodstained altar of Trog.
 20552 | Orc:1    | Reached skill level 17 in Fighting
 20703 | Orc:1    | Found a runed translucent door.
 20708 | Orc:1    | Noticed zeram's ghost (journeyman HOFi)
 20742 | Orc:1    | Killed zeram's ghost
 20743 | Orc:1    | Reached skill level 10 in Shields
 20794 | Orc:2    | Entered Level 2 of the Orcish Mines
 20798 | Orc:2    | Received a gift from Trog
 20799 | Orc:2    | Reached ****** piety under Trog
 21217 | Orc:2    | Found Uhe Gyllosm's Assorted Antiques.
 21232 | Orc:2    | Found Seoxogg's Armour Emporium.
 21410 | Orc:2    | Noticed an orc warlord
 21417 | Orc:2    | Killed an orc warlord
 21833 | Orc:2    | Found a staircase to the Elven Halls.
 21878 | Orc:2    | Reached XP level 15. HP: 147/147 MP: 14/14
 22036 | Orc:2    | Noticed an orc warlord
 22053 | Orc:2    | Killed an orc warlord
 22073 | Orc:2    | Found Erikhler's Jewellery Shoppe.
 22109 | Orc:2    | Bought a ring of see invisible for 195 gold pieces
 22222 | Orc:2    | Received a gift from Trog
 22258 | Orc:2    | Found Hoqusyck's Magic Scroll Shop.
 22588 | Orc:2    | Bought the +9 plate armour of Pride {Fly Str+4} for 1368
                  | gold pieces
 22815 | D:13     | Found a gate to the Vaults.
 22816 | D:13     | Noticed Erolcha
 22906 | D:13     | Killed Erolcha
 23184 | D:13     | Found Rubrena's Antique Armour Boutique.
 23445 | D:14     | Noticed Snorg
 23446 | D:14     | Noticed Snorg
 23446 | D:14     | Snorg changed into Snorg the fire dragon
 23460 | D:14     | Killed Snorg the fire dragon
 23621 | D:14     | Noticed Kirke
 23626 | D:14     | Killed Kirke
 23857 | D:14     | Got the ring "Onoam Dauze" {Fire rN+}
 24009 | D:14     | Reached skill level 10 in Evocations
 24127 | D:14     | Noticed Azrael
 24163 | D:14     | Killed Azrael
 24327 | D:14     | Received a gift from Trog
 24752 | D:15     | Entered Level 15 of the Dungeon
 24808 | D:15     | Found a radiant altar of Vehumet.
 25080 | D:15     | Reached skill level 18 in Fighting
 25132 | D:15     | Found a staircase to the Depths.
 25254 | D:15     | Noticed Roxanne
 25379 | D:15     | Reached XP level 16. HP: 157/157 MP: 15/15
 25394 | D:15     | Noticed Jorgrun
 25406 | D:15     | Killed Jorgrun
 25994 | Snake:1  | Entered Level 1 of the Snake Pit
 26284 | Snake:1  | Noticed Louise
 26307 | Snake:1  | Killed Louise
 26359 | Snake:1  | Reached skill level 15 in Axes
 26594 | Snake:1  | Found Mug Ico's Assorted Antiques.
 26642 | Snake:1  | Bought a scroll of identify for 36 gold pieces
 26642 | Snake:1  | Bought a scroll of identify for 36 gold pieces
 27532 | Snake:2  | Received a gift from Trog
 27901 | Snake:2  | Found Itonighae's Antique Weapon Boutique.
 29037 | Snake:3  | Identified the +8 morningstar of Exhibitionism {venom,
                  | Dex+4}
 29714 | Shoals:1 | Entered Level 1 of the Shoals
 29714 | Shoals:1 | Found Qadoagg's Assorted Antiques.
 29849 | Shoals:1 | Reached skill level 15 in Armour
 29856 | Shoals:1 | Found Nyfi Gug's Jewellery Emporium.
 30297 | Shoals:1 | Found Culec's Book Shop.
 30320 | Shoals:1 | Identified the +6 demon trident of Qoishr Ixku {vorpal,
                  | *Rage rElec Str+7 Int-2} (Trog gifted it to you on level 1
                  | of the Shoals)
 30320 | Shoals:1 | Received a gift from Trog
 30326 | Shoals:1 | Reached XP level 17. HP: 166/166 MP: 16/16
 30828 | Shoals:2 | Noticed Ilsuiw
 30867 | Shoals:2 | Killed Ilsuiw
 31983 | Shoals:3 | Found Foxtuj's Magic Scroll Boutique.
 31996 | Shoals:3 | Identified the +10 hand axe of the Egg {antimagic, Will+}
                  | (Trog gifted it to you on level 3 of the Shoals)
 31996 | Shoals:3 | Received a gift from Trog
 32029 | Shoals:3 | Bought a scroll of identify for 36 gold pieces
 32029 | Shoals:3 | Bought a scroll of identify for 36 gold pieces
 32029 | Shoals:3 | Bought a scroll of identify for 36 gold pieces
 32035 | Shoals:3 | Identified a scroll of acquirement
 32422 | Shoals:4 | Entered Level 4 of the Shoals
 32553 | Shoals:4 | Reached skill level 19 in Fighting
 32893 | Shoals:4 | Identified the amulet of Zouxtuf {Regen+ Str+2}
 33531 | Abyss:3  | Cast into level 3 of the Abyss (merfolk impaler)
 33601 | Abyss:3  | Received a gift from Trog
 33729 | Shoals:4 | Escaped the Abyss
 33886 | Shoals:4 | Got a barnacled rune of Zot
 34483 | Snake:4  | Entered Level 4 of the Snake Pit
 35270 | Snake:4  | Noticed Vashnia
 35886 | Snake:4  | Reached XP level 18. HP: 176/176 MP: 17/17
 35929 | Snake:4  | Reached skill level 15 in Dodging
 36057 | Snake:4  | Noticed Saint Roka
 36063 | Snake:4  | Received a gift from Trog
 36083 | Snake:4  | Killed Saint Roka
 36474 | Snake:4  | Killed Vashnia
 36910 | Snake:4  | Got a serpentine rune of Zot
 37307 | Elf:1    | Entered Level 1 of the Elven Halls
 37451 | Elf:1    | Reached skill level 20 in Fighting
 38154 | Elf:1    | Received a gift from Trog
 38587 | Elf:2    | Found Fufokh's Assorted Antiques.
 38897 | Elf:2    | Found a huge runed translucent gate.
 38897 | Elf:2    | Found a huge runed translucent gate.
 38897 | Elf:2    | Found a huge runed translucent gate.
 38897 | Elf:2    | Found a huge runed translucent gate.
 38899 | Elf:2    | Found a huge runed translucent gate.
 39174 | Elf:2    | Paralysed by an air elemental for 1 turns
 39230 | Elf:2    | Found Ofuiraen's Book Emporium.
 39348 | Elf:2    | Found an ancient bone altar of Kikubaaqudgha.
 39385 | Elf:2    | Found Rotriock's General Store.
 39899 | Elf:2    | Received a gift from Trog
 40038 | Elf:2    | Reached skill level 15 in Shields
 40646 | Vaults:1 | Entered Level 1 of the Vaults
 41173 | Vaults:1 | Reached XP level 19. HP: 182/188 MP: 18/18
 41516 | Vaults:1 | Reached skill level 21 in Fighting
 41980 | Vaults:1 | You are sucked into a shaft and drop 1 floor!
 41998 | Vaults:2 | Identified the +2 leather armour of Pandemonium {rC+ rN+}
 42043 | Vaults:2 | Received a gift from Trog
 42745 | Vaults:2 | Received a gift from Trog
 43076 | Vaults:1 | Found Jisiv's Antique Armour Emporium.
 43339 | Vaults:2 | Reached skill level 22 in Fighting
 43479 | Vaults:3 | Noticed Zenata
 43479 | Vaults:3 | Found Haurofera's Antique Armour Boutique.
 43484 | Vaults:3 | Killed Zenata
 43654 | Vaults:3 | Found a portal to a secret trove of treasure.
 44125 | Vaults:3 | Reached XP level 20. HP: 180/200 MP: 19/19
 44299 | Vaults:3 | Found Asan's Magic Scroll Shop.
 44392 | Vaults:3 | Identified the ring "Huopah Muod" {Will- rCorr MP+9 Int+3
                  | SInv}
 44397 | Vaults:3 | Identified the +6 sling "Pendulum" {vorpal, Str+6 Stlth+}
 44518 | Vaults:3 | Noticed Mara
 44532 | Vaults:3 | Noticed fleeber's illusion
 44535 | Vaults:3 | Killed Mara
 44672 | Vaults:3 | Received a gift from Trog
 45159 | Vaults:3 | Found a staircase to the Crypt.
 46818 | Vaults:4 | Reached skill level 23 in Fighting
 47047 | Vaults:4 | Found a runed translucent gate.
 47047 | Vaults:4 | Found a runed translucent gate.
 47047 | Vaults:4 | Found a runed translucent gate.
 47048 | Vaults:4 | Noticed Zotwa's ghost (adept GnSk)
 47092 | Vaults:4 | Killed Zotwa's ghost
 47097 | Vaults:4 | Identified the amulet of Teimm {Faith +Inv rC+ rN+}
 47399 | Vaults:4 | Found a transporter.
 47413 | Vaults:4 | Found a transporter.
 47620 | Crypt:1  | Entered Level 1 of the Crypt
 48532 | Crypt:1  | Received a gift from Trog
 49591 | Crypt:2  | Noticed Donald
 49631 | Crypt:2  | Killed Donald
 49904 | Crypt:2  | Reached XP level 21. HP: 213/213 MP: 20/20
 50036 | Crypt:2  | Noticed Bai Suzhen
 50765 | Crypt:2  | Killed Bai Suzhen
 50958 | Crypt:2  | Received a gift from Trog
 51014 | Crypt:2  | Reached skill level 24 in Fighting
 51158 | Crypt:2  | Identified the +8 flail of the Lamprey {antimagic, rElec}
 51711 | Crypt:3  | Entered Level 3 of the Crypt
 51711 | Crypt:3  | Noticed Khufu
 51711 | Crypt:3  | Noticed a royal mummy
 51711 | Crypt:3  | Noticed a royal mummy
 51875 | Crypt:3  | Found a staircase to the Tomb.
 52383 | Depths:1 | Entered Level 1 of the Depths
 52421 | Depths:1 | Found a one-way gateway to a ziggurat.
 53303 | Depths:1 | Found a gateway to Hell.
 53589 | Depths:1 | Identified the +7 hand axe "Xufeigewo" {vorpal, Will+}
                  | (Trog gifted it to you on level 1 of the Depths)
 53589 | Depths:1 | Received a gift from Trog
 54292 | Depths:1 | Noticed a juggernaut
 54302 | Depths:1 | Killed a juggernaut
 54573 | Depths:1 | Noticed a golden dragon
 54685 | Depths:1 | Identified the amulet of Helu {Spirit Dex+2}
 54932 | Depths:1 | Killed a golden dragon
 55150 | Depths:1 | Noticed a golden dragon
 55157 | Depths:1 | Killed a golden dragon
 55866 | Depths:2 | Reached skill level 15 in Evocations
 56053 | Depths:2 | Noticed a caustic shrike
 56057 | Depths:2 | Noticed a caustic shrike
 56057 | Depths:2 | Noticed a caustic shrike
 56071 | Depths:1 | Killed a caustic shrike
 56338 | Depths:2 | Killed a caustic shrike
 56339 | Depths:2 | Reached skill level 25 in Fighting
 56339 | Depths:2 | Reached XP level 22. HP: 226/226 MP: 21/21
 56344 | Depths:2 | Killed a caustic shrike
 57538 | Depths:2 | Received a gift from Trog
 57926 | Depths:2 | Killed from afar by a spriggan air mage

Illustrated notes

Levels and vault maps discovered:
D:1:      psy_arrival_dodecagon, layout_basic,
          hellmonk_ecumenical_altar_heavens_door, palyth_stone_intersect,
          amcnicky_mini_pool_small
D:2:      layout_loops_ring
D:3:      layout_loops_ring, solitary_fountain, dk_noncrumbling_4,
          kennysheep_potato
D:4:      layout_loops_ring, biasface_ghost_orc_armoury, goddamned_bats
D:5:      layout_loops_ring, nicolae_yredelemnul_corpse_copse,
          hellmonk_bongcloud_opening, kennysheep_path_1, uniq_prince_ribbit1,
          uniq_grinder
D:6:      layout_rooms, minmay_temple_entry_fiery
D:7:      layout_rooms
D:8:      layout_loops_ring, gammafunk_temple_overflow_elements, serial_shops,
          nicolae_shop_advertising_works [nicolae_subvault_shop_adworks],
          gup_ossuary_entry_pyramid, uniq_psyche, uniq_maurice
D:9:      layout_grid_maze, dpeg_lair_monsters, kb_lookout_dungeons_type
D:10:     layout_loops_ring, nicolae_overflow_crystal_walls, ebering_ghost_xom,
          kennysheep_flooded_box
D:11:     layout_cave_pods, uniq_urug
D:12:     layout_small_grid, erik_orc_4, serial_shops, shop
D:13:     layout_basic, erik_vaults_2, serial_shops, kennysheep_little_box,
          uniq_erolcha
D:14:     minmay_firetagon, layout_cave_pods, serial_park_tiny_pond,
          uniq_azrael, uniq_snorg, uniq_kirke
D:15:     hangedman_depths_entry_civil_slaughter, layout_long_grid,
          fiery_altar_vehumet, uniq_jorgrun, uniq_roxanne
Lair:1:   beast_lair_carwin_large_3, layout_cave_pods, wad_woods_01, uniq_sonja
Lair:2:   minmay_lair_oklob_chamber, layout_chaotic_city,
          minmay_shoals_entry_centaurs, minivault_23, st_stairs_4,
          infiniplex_staircase_pool_2
Lair:3:   layout_chaotic_city, guppyfry_snake_entry_garden,
          chequers_serial_rivers_small_3, beast_lair_carwin_3
Lair:4:   layout_roguey, slime_entry_1, grunt_megastairs_4, uniq_josephine
Lair:5:   gammafunk_lair_ancient_temple, layout_layer_cave
Shoals:1: layout_shoals, serial_shops, nicolae_shop_statue_plus, shop, shop,
          nicolae_splish_splash
Shoals:2: argonaut_golden_fleece, layout_shoals, uniq_ilsuiw
Shoals:3: layout_shoals, serial_shops, shop
Shoals:4: shoals_end_grunt_garden, layout_shoals, nicolae_shoals_square_sea_wall
Snake:1:  layout_chambers, serial_shops, shop, uniq_louise
Snake:2:  layout_grid_maze, serial_shops, nicolae_shop_stone
Snake:3:  layout_basic, nicolae_coiled_stairwell_down
Snake:4:  johnstein_snake_rune_scales, layout_onion, hangedman_venom_bottle,
          uniq_saint_roka, uniq_vashnia
Orc:1:    cheibrodos_orc_bank, layout_caves, basic_altar,
          ebering_ghost_inner_flame
Orc:2:    pubby_orc_utopia
Elf:1:    minmay_elf_arrival_plus, layout_onion_city,
          minmay_elf_crystal_heptagon
Elf:2:    elven_hall_of_blades_hangedman_alternative
          [nicolae_blade_entry_floor_patterns], layout_geoelf_octagon,
          serial_shops, nicolae_shop_behind_doors, nicolae_take_the_stairs,
          nicolae_shop_crystal, basic_altar
Vaults:1: vaults_dpeg_diagonal, hangedman_vaults_nails, hangedman_vaults_impose,
          v_misc_9, nicolae_vaults_circle_grid_b, v_misc_14,
          vaults_dpeg_encased_lava, nicolae_vaults_theta,
          nicolae_vaults_gold_heap, layout_vaults_omnicross, serial_shops,
          shop_fountains
Vaults:2: mu_enter_wizlab_5, v_rooms_2, ontoclasm_vaults_fault, v_alt_pattern_1,
          hangedman_vaults_hat, v_alt_pattern_4, hangedman_vaults_maws,
          hangedman_vaults_cutoff, nicolae_vaults_shelves_hall,
          ontoclasm_vaults_misaligned, st_lines, v_alt_pattern_2,
          vaults_room_pools, hangedman_vaults_slice, layout_vaults_omnibox
Vaults:3: vaults_room_octagon, v_misc_17, minmay_crypt_entry_simple_corners,
          v_pattern_4, ontoclasm_vaults_gateway, nicolae_vaults_sealed_display,
          ontoclasm_vaults_shuriken, vaults_mumra_hexcomb, grunt_vaults_twisty,
          nicolae_vaults_asterisk, v_misc_31, vaults_room_pools,
          vaults_room_hangedman_quadrants, layout_vaults_quadrants,
          nicolae_trove_entry_crossroad, serial_shops, nicolae_shop_stone,
          nicolae_square_shop, uniq_mara, uniq_zenata
Vaults:4: gammafunk_ghost_spectres, v_misc_10, vaults_dpeg_spiral,
          ontoclasm_vaults_idyll, ontoclasm_vaults_misaligned,
          hangedman_vaults_impose, gammafunk_sealed_arena, v_misc_10,
          hangedman_vaults_trim, v_misc_15, nicolae_vaults_alarming,
          layout_vaults_ring
Crypt:1:  layout_rooms
Crypt:2:  layout_basic, corner_web_ring, minivault_14, st_stairs_13,
          nicolae_elevator_lobby_plus, uniq_donald, uniq_bai_suzhen
Crypt:3:  church_of_pain_bobbens, layout_chaotic_city,
          nicolae_tomb_entry_rubble_hallway, serial_glass, glass_columns_b,
          glass_columns_b, glass_columns_a, glass_columns_b, glass_columns_c,
          nicolae_crypt_little_mausoleum, uniq_khufu
Depths:1: evilmike_diamond_1, layout_gridlike, enter_ziggurat_f,
          chequers_decorated_corner, hell_entry, lemuel_flamethrower_3
Depths:2: grunt_bent_corner, layout_honeycomb, abyss_entry,
          rand_demon_pan_entry_8, hangedman_coc_ice_floe, st_stairs_7,
          elyvilon_altar_3, uniq_josephina

Skill      XL: |  1  2  3  4  5  6  7  8  9 10 11 12 13 14 15 16 17 18 19 20 21 22 |
---------------+-------------------------------------------------------------------+-----
Fighting       | 4 5 6 8 9 11 12 13 15 16 17 18 19 20 22 23 25 | 25.5
Axes           | 4 5 6 7 8 9 10 11 12 13 14 16 18 | 18.0
Armour         | 3 4 5 6 7 8 9 10 12 13 14 15 17 18 19 20 | 20.0
Dodging        | 3 4 5 6 7 8 9 10 11 12 13 14 15 16 17 18 | 18.6
Evocations     | 2 3 4 6 7 8 9 10 11 12 13 14 15 | 15.3
Shields        | 2 5 7 8 10 11 13 14 15 16 17 18 | 18.6

Action                   |  1- 3 |  4- 6 |  7- 9 | 10-12 | 13-15 | 16-18 | 19-21 | 22-24 || total
-------------------------+-------+-------+-------+-------+-------+-------+-------+-------++-------
Melee: Hand axe          |    87 |   161 |    29 |       |       |       |       |       ||   277
       Headbutt          |     9 |    30 |    42 |   132 |   318 |   282 |   504 |    65 ||  1382
       War axe           |       |       |   224 |       |       |       |       |       ||   224
       Unarmed           |       |       |     4 |       |       |       |       |       ||     4
       Broad axe         |       |       |    44 |   575 |  1280 |  1326 |  1614 |   226 ||  5065
       Punch             |       |       |     4 |     4 |       |       |       |       ||     8
Throw: Stone             |       |       |       |     1 |    19 |    12 |     5 |       ||    37
Invok: Trog's Hand       |       |     1 |     2 |     1 |     4 |     6 |     6 |       ||    20
       Berserk           |       |       |     3 |     4 |     2 |     1 |     4 |       ||    14
       Brothers in Arms  |       |       |     1 |     4 |     7 |     8 |    16 |     3 ||    39
Evoke: Wand              |       |       |       |     2 |     6 |     4 |     3 |       ||    15
  Use: Scroll            |       |       |     4 |     6 |     7 |    12 |    12 |       ||    41
       Potion            |       |       |       |       |     2 |     6 |     4 |       ||    12
 Stab: Petrified         |       |       |       |     3 |       |       |       |       ||     3
       Invisible         |       |       |       |       |       |     6 |       |       ||     6
       Paralysed         |       |       |       |       |       |     1 |       |       ||     1
       Distracted        |       |       |       |       |       |     2 |     1 |       ||     3
Armor: Animal skin       |     7 |       |       |       |       |       |       |       ||     7
       Ring mail         |    15 |    90 |    31 |       |       |       |       |       ||   136
       Chain mail        |       |       |   119 |   122 |       |       |       |       ||   241
       Crystal plate arm |       |       |       |   270 |   700 |       |       |       ||   970
       Plate armour      |       |       |       |       |   186 |   624 |   572 |    72 ||  1454
       Skin              |       |       |       |       |       |    35 |       |       ||    35
Dodge: Dodged            |    71 |   116 |   168 |   246 |   439 |   442 |   435 |    81 ||  1998
Block: Buckler           |       |       |       |   114 |   257 |       |       |       ||   371
       Kite shield       |       |       |       |       |   142 |   152 |  1053 |   193 ||  1540
       Tower shield      |       |       |       |       |       |   909 |       |       ||   909
